 Dungeon Crawl Stone Soup version 0.27.1-33-g824d729ab1 (webtiles) character file.

Game seed: 17360458644621037190

101668 Duder the Warrior (level 15, -2/141 HPs)
             Began as a Minotaur Berserker on Dec 21, 2021.
             Was a High Priest of Trog.
             Slain by a spark wasp (19 damage)
             ... on level 3 of the Spider Nest.
             The game lasted 01:04:36 (30396 turns).

Duder the Warrior (Minotaur Berserker)             Turns: 30396, Time: 01:04:37

Health: -2/141     AC: 27    Str: 26 (27) XL:     15   Next: 84%
Magic:  0/14       EV: 16    Int:  3 (4)  God:    Trog [*****.]
Gold:   1870       SH: 13    Dex: 11      Spells: 14/14 levels left

rFire    . . .     SeeInvis .   t - +3 morningstar (protect)
rCold    + . .     Faith    +   s - +0 kite shield
rNeg     . . .     Spirit   .   D - +2 plate armour {rC+}
rPois    .         Reflect  .   M - +2 hat
rElec    .         Harm     .   u - scarf {+Inv}
rCorr    .         Rampage  .   R - +3 pair of gauntlets of War {Slay+5}
Will     +++..                  A - +0 pair of boots
Stlth    ..........             G - amulet of faith
HPRegen  1.33/turn              c - +4 ring of evasion
MPRegen  0.14/turn              H - ring of flight

@: about to teleport, strong-willed (expiring), on berserk cooldown, flying,
regenerating (expiring), slowed, very slow
A: horns 2, retaliatory headbutt
a: Renounce Religion, Evoke Invisibility, Berserk, Trog's Hand, Brothers in Arms


You were on level 3 of the Spider Nest.
You worshipped Trog.
Trog was extremely pleased with you.
You visited 3 branches of the dungeon, and saw 24 of its levels.

You collected 1870 gold pieces.

Inventory:

Hand Weapons
 t - a +3 morningstar of protection (weapon)
Missiles
 d - a curare-tipped dart
 e - 14 javelins
 f - 647 stones
 i - 14 boomerangs (quivered)
 l - 70 poisoned darts
Armour
 s - a +0 kite shield (worn)
 u - a scarf of invisibility (worn)
 A - a +0 pair of boots (worn)
 D - a +2 plate armour of cold resistance (worn)
 M - a +2 hat (worn)
 R - the +3 pair of gauntlets of War (worn) {Slay+5}
   (You found it on level 4 of the Lair of Beasts)

   Slay:      It affects your accuracy & damage with ranged weapons and melee
   (+5).
Jewellery
 c - a +4 ring of evasion (left hand)
 j - a ring of resist corrosion
 n - a ring of protection from cold
 G - an amulet of faith (around neck)
 H - a ring of flight (right hand)
 I - a +6 ring of intelligence
 J - a ring of positive energy
 N - a ring of protection from cold
 W - a ring of ice
Wands
 a - a wand of paralysis (16)
 v - a wand of mindburst (25)
 x - a wand of flame (155)
 y - a wand of polymorph (7)
 L - a wand of acid (17)
 O - a wand of digging (5)
 Q - a wand of charming (11)
 T - a wand of iceblast (10)
Scrolls
 g - 3 scrolls of fear
 h - 4 scrolls of enchant weapon
 m - 3 scrolls of fog
 p - 3 scrolls of blinking
 q - 5 scrolls of teleportation
 P - 7 scrolls of identify
 S - a scroll of magic mapping
Potions
 b - 4 potions of lignification
 k - 5 potions of mutation
 o - 5 potions of heal wounds
 r - 2 potions of berserk rage
 w - 3 potions of cancellation
 z - 10 potions of curing
 B - a potion of attraction
 C - 5 potions of might
 E - 3 potions of resistance
 U - a potion of flight
Miscellaneous
 F - a piece from Xom's chessboard (15/15)
 K - a piece from Xom's chessboard (15/15)


   Skills:
 + Level 15.6 Fighting
 + Level 14.3 Maces & Flails
 - Level 8.0 Throwing
 + Level 15.4 Armour
 + Level 14.2 Dodging
 + Level 12.2 Shields


You had 14 spell levels left.
You didn't know any spells.
Your spell library contained the following spells:

 Spells                   Type           Power      Damage    Failure   Level
 Animate Skeleton         Necr           0%         N/A       99%         1
 Apportation              Tloc           0%         N/A       99%         1
 Corona                   Hex            0%         N/A       99%         1
 Magic Dart               Conj           0%         1d3       99%         1
 Pain                     Necr           0%         1d4       99%         1
 Sandblast                Erth           0%         2d4       99%         1
 Sting                    Tmut/Pois      0%         1d3       99%         1
 Summon Small Mammal      Summ           0%         N/A       99%         1
 Blink                    Tloc           N/A        N/A       100%        2
 Passwall                 Tmut/Erth      0%         N/A       100%        2
 Poisonous Vapours        Pois/Air       0%         N/A       100%        2
 Searing Ray              Conj           0%         3d3       100%        2
 Slow                     Hex            0%         N/A       100%        2
 Sublimation of Blood     Necr           0%         N/A       100%        2
 Wereblood                Tmut           0%         N/A       100%        2
 Confusing Touch          Hex            0%         N/A       100%        3
 Conjure Flame            Conj/Fire      0%         6-21      100%        3
 Gell's Gravitas          Tloc           0%         N/A       100%        3
 Ignite Poison            Fire/Tmut/Pois 0%         N/A       100%        3
 Portal Projectile        Hex/Tloc       0%         N/A       100%        3
 Stone Arrow              Conj/Erth      0%         3d7       100%        3
 Swiftness                Air            0%         N/A       100%        3
 Animate Armour           Summ/Erth      0%         N/A       100%        4
 Animate Dead             Necr           0%         N/A       100%        4
 Fulminant Prism          Conj/Hex       0%         3d6       100%        4
 Iskenderun's Mystic Bla  Conj/Tloc      0%         2d3       100%        4
 Leda's Liquefaction      Hex/Erth       0%         N/A       100%        4
 Olgreb's Toxic Radiance  Pois           0%         N/A       100%        4
 Passage of Golubria      Tloc           N/A        N/A       100%        4
 Sticky Flame             Conj/Fire      0%         2d3       100%        4
 Summon Lightning Spire   Summ/Air       0%         N/A       100%        4
 Agony                    Necr           0%         N/A       100%        5
 Blade Hands              Tmut           0%         N/A       100%        5
 Bolt of Magma            Conj/Fire/Erth 0%         4d4       100%        5
 Excruciating Wounds      Necr           0%         N/A       100%        5
 Irradiate                Conj/Tmut      0%         3d14      100%        5
 Lee's Rapid Deconstruct  Erth           0%         3d5*      100%        5
 Manifold Assault         Tloc           0%         N/A       100%        5
 Yara's Violent Unravell  Hex/Tmut       0%         3d3       100%        5
 Conjure Ball Lightning   Conj/Air       0%         3x3d6     100%        6
 Starburst                Conj/Fire      0%         6d3       100%        6
 Statue Form              Tmut/Erth      0%         N/A       100%        6
 Dragon Form              Tmut           0%         N/A       100%        7
 Haunt                    Necr/Summ      0%         N/A       100%        7
 Storm Form               Tmut/Air       0%         N/A       100%        7
 Summon Hydra             Summ           0%         N/A       100%        7
 Infestation              Necr           0%         N/A       100%        8
 Maxwell's Capacitive Co  Air            0%         ∞         100%        8
 Chain Lightning          Conj/Air       0%         N/A       100%        9
 Shatter                  Erth           0%         3d5*      100%        9


Dungeon Overview and Level Annotations

Branches:
Dungeon (15/15)            Temple (0/1) D:6            Lair (6/6) D:11
 Shoals (0/4) Lair:2       Spider (3/4) Lair:3        Slime (0/5) Lair:5
    Orc (0/2) D:11         Vaults (0/5) D:13         Depths (0/5) D:15

Altars:
Ashenzari
Cheibriados
Dithmenos
Fedhas
Qazlal
Trog
Uskayaw
Vehumet
Wu Jian
Zin
The Shining One
Beogh
Jiyva

Shops:
D:2 (=   D:5 (   D:11 (

Portals:
Trove: D:11 (give 4 scrolls of fear)

Annotations:
Spider:3 Arachne, Nikola


Innate Abilities, Weirdness & Mutations

You have a pair of horns on your head.
You reflexively headbutt those who attack you in melee.


Message History

The entropic weave corrodes you!
You see here a redback corpse.
You feel you are being watched by something.
You feel your power leaking away.
You see here a tarantella corpse.
You feel you are being watched by something.
The torpor snail looks more energetic.
You feel you are being watched by something.
You feel you are being watched by something.
Your magical effects are unravelling.
You feel magically purged.
You feel yourself slow down.
You feel the effects of Trog's Hand fading.
You are no longer corroded.
You feel you are being watched by something.
Something hits you but does no damage. x2
Something stings you but does no damage.
Something barely misses you. You block something's attack.
Something stings you but does no damage.
You feel much better.
You feel you are being watched by something.
You feel your power leaking away. The spark wasp stings you!!
* * * LOW HITPOINT WARNING * * *
The spark wasp shocks you!
* * * LOW HITPOINT WARNING * * *
You barely miss the moth of wrath.
The moth of wrath is heavily wounded.
Something hits you but does no damage. x2
Something stings you but does no damage.
The spark wasp stings you but does no damage.
You block the moth of wrath's attack.
The moth of wrath angrily waves its antennae.
You block the spark wasp's attack. You block something's attack.
Something hits you but does no damage. Something barely misses you.
The entropy weaver misses you.
The entropy weaver hits you but does no damage. x3
As you read the scroll of teleportation, it crumbles to dust.
You feel strangely unstable. The spark wasp stings you!!
You die...

...#...#....##.#####
##....^##..#..#.#..^###
.....#....#..........#
.# #...##..#..#...#....#
................##.....#
....#.#.........##...###
#......##^##.#####...#
##.#....B.....# ##.##
.^.....@y#...## ###
#.#.....y....###
#..###y.#....# #..
###w.#.## #.. #.†.### .#
#. #.††.# ..# ##...#
#..#.####..###
^......#.....##


You could see an entropy weaver, a spark wasp, a torpor snail and 2 moths of
wrath.

Vanquished Creatures
  Roxanne (D:15)
  An emperor scorpion (Spider:2)
  A dire elephant (Lair:6)
  An entropy weaver (Spider:2)
  An ettin (D:15)
  5 boulder beetles
  10 hydras
  5 centaur warriors
  3 two-headed ogres
  2 dancing weapons (D:13)
  A catoblepas (Lair:6)
  3 tengu warriors
  3 death yaks (Lair:3)
  4 skeletal warriors (D:13)
  A storm dragon skeleton (D:15)
  3 lindwurms
  3 orc knights
  A wizard (D:15)
  2 deep elf pyromancers (D:14)
  An orc sorcerer (D:15)
  2 orb spiders (Spider:2)
  3 necromancers
  5 cyclopes
  An orb spider (shapeshifter) (D:15)
  13 wolf spiders
  2 salamanders (shapeshifter)
  3 merfolk sirens (Lair:2)
  10 elephants
  6 black mambas
  2 manticores
  2 torpor snails
  13 cane toads
  An unseen horror (D:11)
  Maggie (D:6)
  A kobold demonologist (D:11)
  An efreet (D:15)
  11 komodo dragons
  3 rime drakes (Lair:6)
  3 tengu conjurers
  A freezing wraith (D:15)
  5 demonic crawlers
  10 jumping spiders
  4 polar bears (Lair:4)
  5 trolls
  A merfolk (Lair:2)
  A wolf spider simulacrum (D:15)
  Prince Ribbit (D:7)
  6 slime creatures (D:14)
  23 blink frogs
  4 dream sheep (Lair:5)
  29 redbacks
  11 tarantellas
  A meliai zombie (D:11)
  6 wyverns
  2 shadows
  49 yaks
  Grum (D:10)
  2 wraiths
  A vampire (D:10)
  9 basilisks
  4 vampire mosquitoes (D:7)
  2 steam dragons
  A redback simulacrum (D:15)
  2 acid dragons
  18 water moccasins
  Menkaure (D:4)
  5 orc warriors
  A sky beast (D:6)
  A hornet zombie (D:15)
  2 black bears
  An ice beast (D:6)
  4 ogres (D:4)
  2 necrophages
  3 centaurs
  8 wolves
  10 bullfrogs
  A kobold brigand (D:11)
  A gnoll sergeant (D:10)
  7 scorpions
  A wyvern zombie (D:7)
  6 wights
  3 howler monkeys (D:14)
  4 electric eels
  8 centaur zombies
  A jelly (D:4)
  3 bullfrog skeletons
  9 orc priests
  3 hounds
  An iguana (D:7)
  11 orc wizards
  Terence (D:3)
  A statue (D:5)
  3 polar bear simulacra (D:12)
  6 wolf simulacra (D:12)
  A yak simulacrum (D:12)
  2 hound skeletons (D:5)
  3 howler monkey zombies
  3 gnolls (D:10)
  6 adders
  A shadow imp (D:5)
  A white imp (D:7)
  2 ufetubi (D:5)
  A worm (D:3)
  A dart slug (D:5)
  50 orcs
  3 ball pythons
  3 bats
  8 endoplasms
  4 giant cockroaches
  6 goblins
  17 hobgoblins
  A frilled lizard (D:3)
  10 kobolds
  6 rats
  A river rat simulacrum (D:12)
  A butterfly (Lair:4)
573 creatures vanquished.

Vanquished Creatures (collateral kills)
  An entropy weaver (Spider:3)
  A centaur warrior (D:13)
  A boulder beetle (Spider:3)
  A catoblepas (Lair:4)
  An orb spider (Spider:3)
  2 manticores
  A cyclops (D:13)
  A black mamba (Lair:6)
  A cane toad (Lair:6)
  A basilisk (Lair:4)
  A redback (Spider:3)
  An orc warrior (D:11)
  2 orcs (D:11)
15 creatures vanquished.

Vanquished Creatures (others)
  22 fungi
  58 plants
80 creatures vanquished.

Grand Total: 668 creatures vanquished

Notes
Turn   | Place    | Note
-------+----------+-------------------------------------------
     0 | D:1      | Duder the Minotaur Berserker began the quest for the Orb.
     0 | D:1      | Reached XP level 1. HP: 19/19 MP: 0/0
   128 | D:1      | Reached XP level 2. HP: 27/27 MP: 1/1
   710 | D:1      | Found a faded altar of an unknown god.
   897 | D:2      | Found Nujithyhi's Antique Weapon Shoppe.
   992 | D:2      | Found Wuteud's Jewellery Boutique.
  1071 | D:2      | Reached XP level 3. HP: 31/33 MP: 2/2
  1698 | D:3      | Reached XP level 4. HP: 36/40 MP: 3/3
  2028 | D:4      | Reached skill level 5 in Maces & Flails
  2031 | D:4      | Noticed an ogre
  2046 | D:4      | Killed an ogre
  2047 | D:4      | Reached XP level 5. HP: 19/47 MP: 4/4
  2060 | D:4      | Reached ** piety under Trog
  2631 | D:3      | Noticed Terence
  2644 | D:3      | Killed Terence
  2645 | D:3      | Reached XP level 6. HP: 48/55 MP: 5/5
  2797 | D:3      | Found a stormy altar of Qazlal.
  2925 | D:3      | Found a snail-covered altar of Cheibriados.
  3441 | D:4      | Reached skill level 5 in Fighting
  3441 | D:4      | Reached skill level 1 in Throwing
  3921 | D:4      | You fall into a shaft and drop 3 floors!
  3958 | D:7      | Noticed a vampire mosquito
  3958 | D:7      | Noticed a vampire mosquito
  3958 | D:7      | Noticed a vampire mosquito
  3975 | D:7      | Killed a vampire mosquito
  3976 | D:7      | Reached XP level 7. HP: 61/61 MP: 6/6
  3985 | D:7      | Killed a vampire mosquito
  3990 | D:7      | Reached skill level 5 in Armour
  4063 | D:7      | Noticed a vampire mosquito
  4076 | D:7      | Killed a vampire mosquito
  4079 | D:7      | Killed a vampire mosquito
  4080 | D:7      | Reached XP level 8. HP: 55/70 MP: 7/7
  4654 | D:7      | Noticed Prince Ribbit
  4671 | D:7      | Killed Prince Ribbit
  4672 | D:7      | Reached skill level 5 in Dodging
  5459 | D:6      | Reached XP level 9. HP: 73/78 MP: 8/8
  5460 | D:6      | Reached *** piety under Trog
  5721 | D:6      | Noticed Maggie
  5730 | D:6      | Killed Maggie
  6059 | D:6      | Reached skill level 10 in Maces & Flails
  6076 | D:6      | Found a staircase to the Ecumenical Temple.
  6214 | D:5      | Entered Level 5 of the Dungeon
  6261 | D:5      | Found Wachoall's Antique Weapon Shoppe.
  6817 | D:5      | Found a shadowy altar of Dithmenos.
  6878 | D:5      | Found a radiant altar of Vehumet.
  7378 | D:4      | Noticed Menkaure
  7383 | D:4      | Killed Menkaure
  7550 | D:4      | Reached skill level 5 in Throwing
  8089 | D:8      | You fall into a shaft and drop 1 floor!
  8169 | D:9      | Noticed a centaur warrior
  8189 | D:9      | Killed a centaur warrior
  8190 | D:9      | Reached XP level 10. HP: 39/88 MP: 9/9
  8427 | D:9      | Noticed a centaur warrior
  8443 | D:9      | Killed a centaur warrior
  9260 | D:9      | Reached **** piety under Trog
  9785 | D:9      | Found a glowing silver altar of Zin.
  9914 | D:10     | Entered Level 10 of the Dungeon
  9916 | D:10     | Got the Almanac of the Displaced Arsonist
 10165 | D:10     | Noticed a two-headed ogre
 10174 | D:10     | Killed a two-headed ogre
 10175 | D:10     | Reached skill level 1 in Shields
 10474 | D:10     | Reached XP level 11. HP: 97/97 MP: 10/10
 10597 | D:10     | Noticed Grum
 10609 | D:10     | Killed Grum
 11050 | D:8      | Noticed a two-headed ogre
 11058 | D:8      | Killed a two-headed ogre
 11939 | D:11     | Noticed an orc knight
 11961 | D:11     | Killed an orc knight
 12043 | D:11     | Found a staircase to the Orcish Mines.
 12460 | D:11     | Reached skill level 10 in Fighting
 12483 | D:11     | Reached ***** piety under Trog
 12491 | D:11     | Found a staircase to the Lair.
 12538 | D:11     | Noticed a two-headed ogre
 12544 | D:11     | Killed a two-headed ogre
 12598 | D:11     | Found Ulefirch's Antique Weapon Shop.
 12656 | D:11     | Noticed a wolf spider
 12659 | D:11     | Killed a wolf spider
 12660 | D:11     | Reached skill level 10 in Armour
 12660 | D:11     | Reached XP level 12. HP: 85/106 MP: 11/11
 13244 | D:11     | Found a portal to a secret trove of treasure.
 13245 | D:11     | Noticed a boulder beetle
 13281 | D:11     | Killed a boulder beetle
 13837 | D:12     | Noticed a seven-headed hydra
 13839 | D:12     | Killed a seven-headed hydra
 14132 | D:12     | Noticed a five-headed hydra
 14143 | D:12     | Killed a five-headed hydra
 14892 | D:13     | Reached skill level 10 in Dodging
 15256 | D:13     | Found a gate to the Vaults.
 15535 | D:13     | Noticed a five-headed hydra
 15540 | D:13     | Killed a five-headed hydra
 15540 | D:13     | Received a gift from Trog
 15700 | D:13     | Noticed a five-headed hydra
 15701 | D:13     | Noticed a centaur warrior
 15705 | D:13     | Killed a five-headed hydra
 15711 | D:13     | Killed a centaur warrior
 15849 | D:13     | Found a glowing silver altar of Zin.
 16144 | D:14     | Reached skill level 5 in Shields
 16379 | D:14     | Noticed a centaur warrior
 16388 | D:14     | Killed a centaur warrior
 16389 | D:14     | Reached XP level 13. HP: 103/117 MP: 12/12
 17262 | D:14     | Found a blossoming altar of Fedhas.
 17603 | D:15     | Entered Level 15 of the Dungeon
 17925 | D:15     | Identified Roxanne's Compendium of the Rocks
 17925 | D:15     | Noticed Roxanne
 17945 | D:15     | Killed Roxanne
 18295 | D:15     | Noticed an ettin
 18296 | D:15     | Found a staircase to the Depths.
 18305 | D:15     | Killed an ettin
 18465 | D:15     | Found a broken altar of Ashenzari.
 19624 | Lair:1   | Entered Level 1 of the Lair of Beasts
 20207 | Lair:1   | Reached XP level 14. HP: 114/129 MP: 13/13
 20788 | Lair:2   | Received a gift from Trog
 21012 | Lair:2   | Found a bloodstained altar of Trog.
 21885 | Lair:2   | Found a staircase to the Shoals.
 22076 | Lair:3   | Found a hide-covered altar of Uskayaw.
 22076 | Lair:3   | Found an ornate altar of the Wu Jian Council.
 22633 | Lair:3   | Found a glowing golden altar of the Shining One.
 22649 | Lair:3   | Found a hole to the Spider Nest.
 23469 | Lair:4   | Found the +3 pair of gauntlets of War {Slay+5}
 23764 | Lair:4   | Reached skill level 10 in Shields
 23891 | Lair:4   | Received a gift from Trog
 25121 | Lair:5   | Found a staircase to the Slime Pits.
 25122 | Lair:5   | Found a viscous altar of Jiyva.
 25418 | Lair:6   | Entered Level 6 of the Lair of Beasts
 26259 | Lair:6   | Received a gift from Trog
 26260 | Lair:6   | Reached XP level 15. HP: 139/139 MP: 14/14
 27375 | Lair:6   | Reached skill level 15 in Fighting
 27685 | Spider:1 | Entered Level 1 of the Spider Nest
 27706 | Spider:1 | You fall into a shaft and drop 1 floor!
 28014 | Spider:2 | Reached skill level 15 in Armour
 28648 | Spider:2 | Got the Incunabulum of Lightness
 28724 | Spider:2 | Received a gift from Trog
 29740 | Spider:3 | Noticed Arachne
 29742 | Spider:3 | Noticed Nikola
 30396 | Spider:3 | Slain by a spark wasp

Illustrated notes

Levels and vault maps discovered:
D:1:      dpeg_arrival_boxorama, layout_rooms,
          shapermc_ecumenical_altar_mp_vishouse, dk_noncrumbling_2
D:2:      layout_basic, serial_shops, shop,
          nicolae_shop_temple_entry_statues_fountains
D:3:      layout_basic, mainiacjoe_overflow_big_doors, chequers_big_river,
          uniq_terence
D:4:      layout_basic, kennysheep_generic_room_3, uniq_menkaure
D:5:      layout_basic, vehumet_statue, grunt_dithmenos_smoke, serial_shops,
          shop
D:6:      layout_cave_pools, temple_pool_b, uniq_maggie
D:7:      layout_basic, uniq_prince_ribbit1
D:8:      layout_basic, minmay_starry_boxes
D:9:      minmay_chambers_of_sixes, layout_basic, lemuel_coloured_pillars_altar
D:10:     layout_rooms, uniq_grum
D:11:     layout_basic, minmay_lair_entry_grove, david_orc_5, enter_trove_0,
          nicolae_take_the_stairs
D:12:     cheibrodos_orc_bank, layout_loops_cross, eino_house_with_fridge
D:13:     layout_cross, erik_vaults_1, zin_scriptorium
D:14:     layout_basic, gauntlet_entry_generic, serial_aquarium,
          aquarium_bridge_straight [aquarium_subvault_bridge,
          aquarium_subvault_window, aquarium_subvault_bridge,
          aquarium_subvault_window], aquarium_bridge_square
          [aquarium_subvault_wall, aquarium_subvault_bridge,
          aquarium_subvault_bridge, aquarium_subvault_wall], aquarium_window_1,
          aquarium_window_2, aquarium_window_fake, aquarium_view_2d,
          fedhas_ov_isle_minmay
D:15:     hangedman_depths_entry_civil_slaughter, layout_basic,
          cheibrodos_ashenzari_chains, uniq_roxanne
Lair:1:   layout_loops_ring
Lair:2:   layout_cave_pods, elwin_shoals_entry_stream, basic_altar,
          grunt_megastairs_2, serial_bayou_shore_a, infiniplex_staircase_pool
Lair:3:   layout_regular_city, spider_nest_entry_web_field, basic_altar,
          nzn_masters_of_martial_movement, lemuel_fruit_tree
Lair:4:   layout_concentric_octagons, cheibrodos_lair_lostbears,
          lemuel_fruit_fields
Lair:5:   layout_loops_ring, slime_altar_1, patterned_corridor,
          grunt_megastairs_5
Lair:6:   hangedman_lair_in_review, layout_regular_city,
          chequers_serial_rivers_small_a
Spider:1: layout_chambers
Spider:2: layout_spider_delve
Spider:3: layout_spider_delve, ebering_ghost_xom, portal_ice_cave_entry_dragon,
          nicolae_spider_not_touching_you, uniq_arachne, uniq_nikola

Skill      XL: |  1  2  3  4  5  6  7  8  9 10 11 12 13 14 15 |
---------------+----------------------------------------------+-----
Maces & Flails | 4 5 6 7 9 10 12 13 14 | 14.3
Fighting       | 4 5 6 8 9 10 11 13 14 15 | 15.6
Armour         | 3 4 5 6 7 8 10 11 13 14 15 | 15.4
Dodging        | 3 4 5 6 7 9 10 12 13 14 | 14.2
Throwing       | 1 2 3 5 6 7 8 |  8.0
Shields        | 2 4 5 8 10 12 | 12.2

Action                   |  1- 3 |  4- 6 |  7- 9 | 10-12 | 13-15 || total
-------------------------+-------+-------+-------+-------+-------++-------
Melee: Mace              |    15 |       |       |       |       ||    15
       Headbutt          |    18 |    25 |    43 |   131 |   316 ||   533
       Whip              |    69 |   151 |    89 |       |       ||   309
       Morningstar       |       |       |   142 |   569 |  1143 ||  1854
Throw: Stone             |       |    17 |       |    17 |       ||    34
       Dart              |       |       |       |     8 |       ||     8
       Boomerang         |       |       |       |     3 |    34 ||    37
Invok: Berserk           |       |     2 |     5 |    10 |    13 ||    30
       Trog's Hand       |       |     1 |     3 |     4 |     9 ||    17
       Brothers in Arms  |       |       |       |     2 |     6 ||     8
Evoke: Wand              |       |       |       |     1 |     2 ||     3
  Use: Scroll            |       |     9 |     8 |     6 |     5 ||    28
       Potion            |       |       |       |       |     5 ||     5
 Stab: Petrified         |       |       |       |       |     3 ||     3
Armor: Plate armour      |    41 |    55 |   164 |   368 |   633 ||  1261
       Animal skin       |     2 |       |       |       |       ||     2
Dodge: Dodged            |    18 |    33 |    85 |   347 |   658 ||  1141
Block: Buckler           |       |       |       |   108 |       ||   108
       Kite shield       |       |       |       |    22 |   772 ||   794
